DAK off meta L6 light tanks into Crusader AA and Churchill VS. Brits

Match 11957810
End
Vickers Machine Gun Team
Construct Section Command Post
Infantry Section
Infantry Section
Dingo Light Scout Car
Infantry Section
Infantry Training
Construct Platoon Command Post
Unlock M3 Stuart Light Tanks
Selects British Armored Battlegroup
Selects Rigorous Vehicle Training
M3 Stuart Light Tank
Selects Crusader AA Medium Tank
Crusader AA Medium Tank
6-pounder Anti-tank Gun Team
6-pounder Anti-tank Gun Team
Crusader AA Medium Tank
Crusader AA Medium Tank
Selects Churchill IV Heavy Tank
Churchill IV Heavy Tank
Construct Field Infirmary
Selects Engineer Detachments
Royal Engineer Section
Churchill IV Heavy Tank
Armored Vehicle Training
Selects Forward Repair Assembly
Selects Recon Artillery
6-pounder Anti-tank Gun Team
Recon Artillery
6-pounder Anti-tank Gun Team
6-pounder Anti-tank Gun Team
Recon Artillery
Team Weapon Training
Crusader AA Medium Tank
Recon Artillery
6-pounder Anti-tank Gun Team
6-pounder Anti-tank Gun Team
AI Takeover
Wolfe
Toiletguy
0
0

Comments sign in to comment!

Wolfe over 1 year ago

banger